 Dungeon Crawl Stone Soup version 0.19.5 (webtiles) character file.

43 hyltron the Ruffian (level 3, -1/28 HPs)
             Began as a Draconian Transmuter on July 30, 2017.
             Slain by a leopard gecko (3 damage)
             ... on level 2 of the Dungeon.
             The game lasted 00:26:10 (1737 turns).

hyltron the Ruffian (Draconian Transmuter)          Turns: 1737, Time: 00:26:11

Health: -1/28      AC:  5    Str: 13    XL:     3   Next: 37%
Magic:  6/6        EV: 12    Int: 13    God:
Gold:   81         SH:  0    Dex: 11    Spells: 3 memorised, 0 levels left

rFire  . . .     SeeInvis .     k - +0 club
rCold  . . .     Gourm    .     (armour unavailable)
rNeg   . . .     Faith    .     (no shield)
rPois  .         Spirit   .     (helmet restricted)
rElec  .         Reflect  .     (no cloak)
rCorr  .         Harm     .     (no gloves)
MR     .....                    (no boots)
Stlth  +.........               (no amulet)
                                (no ring)
                                (no ring)

@: no status effects
A: unfitting armour, cold-blooded, AC +5
a: no special abilities


You were on level 2 of the Dungeon.
You were not hungry.

You visited 1 branch of the dungeon, and saw 2 of its levels.

You collected 81 gold pieces.

Inventory:

Hand Weapons
 d - a +0 club
 g - a +0 club
 h - a +0 club
 k - a +0 club (weapon)
 l - a +0 dagger
 q - a +0 club
 t - a +0 club
Missiles
 a - 16 arrows
 e - a throwing net (quivered)
 f - 62 stones
 o - 9 bolts
 u - 19 sling bullets
Armour
 j - a +0 scale mail
 m - a +0 ring mail
Scrolls
 c - a scroll of enchant armour {unknown}
 r - a scroll of enchant weapon
Potions
 i - a potion of lignification
Books
 b - a book of Changes

   Spells                             Type                      Level
   a - Beastly Appendage              Transmutation                1
   b - Sticks to Snakes               Transmutation                2
   c - Spider Form                    Transmutation/Poison         3
   d - Ice Form                       Ice/Transmutation            4
   e - Blade Hands                    Transmutation                5


   Skills:
 + Level 1.2 Fighting
 + Level 2.1 Dodging
 + Level 0.6 Stealth
 + Level 3.9 Unarmed Combat
 + Level 2.1 Spellcasting
 + Level 2.2 Transmutations


You couldn't memorise any spells.
You knew the following spells:

 Your Spells              Type           Power        Failure   Level  Hunger
a - Beastly Appendage     Tmut           #.....       12%         1    ##.....
b - Sticks to Snakes      Tmut           #.......     17%         2    ###....
c - Spider Form           Tmut/Pois      #.........   52%         3    ####...


Dungeon Overview and Level Annotations

Branches:
Dungeon (2/15)

Altars:


Innate Abilities, Weirdness & Mutations

Your plain brown scales are hard. (AC +5)
You cannot fit into any form of body armour.
You are cold-blooded and may be slowed by cold attacks.


Message History

The kobold is severely wounded.
The frilled lizard bites you but does no damage.
The leopard gecko hisses menacingly.
The kobold closely misses you.
You closely miss the kobold.
The kobold is severely wounded.
The frilled lizard completely misses you.
The kobold closely misses you. The frilled lizard bites you.
* * * LOW HITPOINT WARNING * * *
The kobold hits you but does no damage.
There is an open door here.
The kobold hits you but does no damage.
The frilled lizard bites you but does no damage.
The frilled lizard misses you. The kobold barely misses you.
The leopard gecko bites you.
* * * LOW HITPOINT WARNING * * *
The leopard gecko closely misses you. The leopard gecko bites you.
You die...

...#...###.#######....########.#
...#.......## ###### #.#
####........##################.##
'...........'..................>#
####........######.#######.####.#
# #........######.### #.# .# #
#####....#........ #.####.#
###########.#.####.## #).....#
.....#...s#...#.@..<# # #..#####
.....#.##.#...#l##.##.# #....#
.............KlK#.....# #.##.#
.)..########.......##...##....#
......#####........#......#####
....#..............#......
###.#####..........#...... #...
#.......#.........
.....##.......#.........


You could see a leopard gecko, 2 kobolds and a frilled lizard.

Vanquished Creatures
  An adder (D:2)
  2 leopard geckos
  3 giant cockroaches
  5 goblins
  4 hobgoblins
  4 bats
  3 frilled lizards (D:1)
  5 kobolds
  4 rats (D:1)
31 creatures vanquished.

Notes
Turn   | Place    | Note
-------+----------+-------------------------------------------
     0 | D:1      | hyltron the Draconian Transmuter began the quest for the Orb.
     0 | D:1      | Reached XP level 1. HP: 16/16 MP: 3/3
    27 | D:1      | Noticed an electric eel
   586 | D:1      | Reached XP level 2. HP: 13/23 MP: 5/5
   608 | D:1      | Learned a level 2 spell: Sticks to Snakes
  1233 | D:2      | Reached XP level 3. HP: 25/28 MP: 6/6
  1278 | D:2      | Learned a level 3 spell: Spider Form
  1737 | D:2      | Slain by a leopard gecko

Skill      XL: |  1  2  3 |
---------------+----------+-----
Dodging        | 2 |  2.1
Fighting       | |  1.2
Stealth        | |  0.6
Unarmed Combat | |  3.9
Spellcasting   | |  2.1
Transmutations | |  2.2

Action                   || total
-------------------------++-------
Melee: Unarmed           ||    87
       Tailslap          ||     9
       Club              ||    62
       Punch             ||     1
  Use: Scroll            ||     8
       Potion            ||     1
 Stab: Sleeping          ||     1
  Eat: Bread ration      ||     1
Armor: Skin              ||    48
Dodge: Dodged            ||   136
